[Event "Titled Tuesday Blitz October 31 Early 2023"]
[White "Vakhlamov, Igor L."]
[Black "Preotu, Razvan"]
[WhiteFideId "24126748"]
[BlackFideId "2613280"]
[WhiteElo "2827"]
[BlackElo "2718"]
[Result "0-1"]
[Round "11"]
[TimeControl "180+1"]
[Date "2023.10.31"]
[WhiteClock "0:01:57"]
[BlackClock "0:01:02"]
[Board "16"]

1. e4 c5 2. Nf3 d6 3. Nc3 Nf6 4. d4 cxd4 5. Qxd4 Nc6 6. Bb5 Bd7 7. Bxc6 Bxc6 8. Bg5 e6 9. O-O-O Be7 10. Rhe1 O-O 11. e5 dxe5 12. Nxe5 Qc7 13. Qc4 Rac8 14. Nxc6 bxc6 15. g3 Qb7 16. Ne4 Nd5 17. Bxe7 Qxe7 18. f4 Rb8 19. a3 Qb7 20. b3 Rfd8 21. Kb2 Qb6 22. Qc5 g6 23. c4 Qxb3+ 24. Ka1 Qb2# 0-1


[Site "https://www.chess.com"]

[Event "Titled Tuesday Blitz October 31 Early 2023"]
[White "Pakleza, Zbigniew"]
[Black "Skliarov, Viktor"]
[WhiteFideId "1119290"]
[BlackFideId "14106736"]
[WhiteElo "2822"]
[BlackElo "2658"]
[Result "1-0"]
[Round "11"]
[TimeControl "180+1"]
[Date "2023.10.31"]
[WhiteClock "0:00:04"]
[BlackClock "0:00:01"]
[Board "17"]

1. d4 Nf6 2. Nf3 g6 3. Bf4 Bg7 4. e3 d6 5. h3 O-O 6. Be2 c5 7. c3 Qb6 8. Qb3 Be6 9. Qxb6 axb6 10. a3 cxd4 11. exd4 Nh5 12. Bg5 f6 13. Be3 f5 14. Ng5 Bd5 15. Bf3 Bxf3 16. Nxf3 h6 17. Ke2 Nc6 18. g4 fxg4 19. hxg4 Nf4+ 20. Kd2 Nd5 21. Rh3 Na5 22. Kc2 Nxe3+ 23. fxe3 Nc4 24. Nfd2 Rf2 25. b3 Na5 26. Kd3 Raf8 27. b4 Nc6 28. a4 e5 29. Na3 d5 30. Rg1 e4+ 31. Kc2 Re2 32. Nb1 Rff2 33. Rhh1 Nd8 34. Rf1 Ne6 35. Rxf2 Rxf2 36. Kb3 Rg2 37. c4 dxc4+ 38. Kxc4 Rxg4 39. Kb5 h5 40. Kxb6 h4 41. Kxb7 g5 42. a5 Rg3 43. Nc4 Nd8+ 44. Kc7 Ne6+ 45. Kd7 Nxd4 46. exd4 Bxd4 47. b5 h3 48. b6 Rd3 49. Kc6 g4 50. a6 Bxb6 51. Nxb6 Rb3 52. a7 Kg7 53. a8=Q Ra3 54. Qxa3 1-0


[Site "https://www.chess.com"]

[Event "Titled Tuesday Blitz October 31 Early 2023"]
[White "Chinguun, Sumiya"]
[Black "Saydaliev, Saidakbar"]
[WhiteFideId "4902572"]
[BlackFideId "14203693"]
[WhiteElo "2674"]
[BlackElo "2786"]
[Result "1-0"]
[Round "11"]
[TimeControl "180+1"]
[Date "2023.10.31"]
[WhiteClock "0:02:33"]
[BlackClock "0:00:49"]
[Board "18"]

1. e4 e5 2. Nf3 Nc6 3. Bc4 Nf6 4. d3 Bc5 5. c3 a6 6. O-O d6 7. a4 h6 8. Nbd2 O-O 9. Re1 Be6 10. Nf1 Bxc4 11. dxc4 a5 12. Ng3 Ne7 13. Nh4 Qd7 14. Nhf5 Nxf5 15. Nxf5 Nxe4 16. Qg4 Bxf2+ 17. Kf1 g6 18. Nxh6+ Kg7 19. Qxd7 Bxe1 20. Kxe1 1-0


[Site "https://www.chess.com"]

[Event "Titled Tuesday Blitz October 31 Early 2023"]
[White "Mekhitarian, Krikor Sevag"]
[Black "Jain Kashish Manoj"]
[WhiteFideId "2107660"]
[BlackFideId "35081098"]
[WhiteElo "2770"]
[BlackElo "2652"]
[Result "1-0"]
[Round "11"]
[TimeControl "180+1"]
[Date "2023.10.31"]
[WhiteClock "0:01:22"]
[BlackClock "0:00:04"]
[Board "19"]

1. Nf3 Nf6 2. c4 c6 3. Nc3 d5 4. d4 e6 5. cxd5 exd5 6. Bf4 Bd6 7. Bxd6 Qxd6 8. e3 O-O 9. Qb3 Re8 10. Bd3 Nbd7 11. O-O Ne4 12. Qc2 f5 13. Rab1 a5 14. a3 Ndf6 15. Ne5 Nd7 16. f4 Nxe5 17. dxe5 Qc5 18. Rfe1 Be6 19. Rbc1 Qa7 20. Na4 Rac8 21. Bxe4 dxe4 22. Qc5 Qxc5 23. Rxc5 b5 24. Nb6 Rc7 25. Rec1 Rd8 26. Rxc6 Rxc6 27. Rxc6 Bb3 28. Rc8 Rxc8 29. Nxc8 b4 30. axb4 axb4 31. Ne7+ Kf7 32. Nxf5 Ke6 33. Nd4+ 1-0


[Site "https://www.chess.com"]

[Event "Titled Tuesday Blitz October 31 Early 2023"]
[White "Csonka, Balazs"]
[Black "Theodorou, Nikolas"]
[WhiteFideId "742910"]
[BlackFideId "4262875"]
[WhiteElo "2736"]
[BlackElo "2993"]
[Result "1-0"]
[Round "11"]
[TimeControl "180+1"]
[Date "2023.10.31"]
[WhiteClock "0:00:16"]
[BlackClock "0:01:47"]
[Board "20"]

1. d4 Nf6 2. c4 g6 3. Nc3 Bg7 4. e4 d6 5. Nf3 O-O 6. Be2 a6 7. O-O Ra7 8. h3 b6 9. Be3 c5 10. Qc2 Rc7 11. Rfd1 Nbd7 12. e5 Ne8 13. Nd5 Ra7 14. Bg5 f6 15. Bh4 cxd4 16. exd6 Nxd6 17. Nxd4 Nb8 18. b4 e5 19. c5 exd4 20. cxd6 Qxd6 21. Rxd4 Nc6 22. Rdd1 Kh8 23. Bg3 Qe6 24. Rac1 Bd7 25. Nc7 Qf7 26. Rxd7 Qxd7 27. Qxc6 Qxc6 28. Rxc6 Rc8 29. Rxb6 Bf8 30. Nd5 1-0


[Site "https://www.chess.com"]

[Event "Titled Tuesday Blitz October 31 Early 2023"]
[White "Elsa167"]
[Black "Harikrishnan.A.Ra"]
[BlackFideId "5081483"]
[WhiteElo "2975"]
[BlackElo "2703"]
[Result "0-1"]
[Round "11"]
[TimeControl "180+1"]
[Date "2023.10.31"]
[WhiteClock "0:00:01"]
[BlackClock "0:01:04"]
[Board "21"]

1. d4 d5 2. Nc3 Nf6 3. Bf4 c6 4. e3 Bf5 5. f3 e6 6. g4 Bg6 7. h4 h5 8. g5 Ng8 9. Bd3 Ne7 10. Nh3 Bxd3 11. Qxd3 Nf5 12. g6 Qxh4+ 13. Kd2 Qe7 14. e4 Nd6 15. Bxd6 Qxd6 16. gxf7+ Kxf7 17. Ng5+ Kg8 18. e5 Qe7 19. Qg6 Rh6 20. Qxh6 gxh6 21. Nh3 Qf7 22. Rag1+ Kh7 23. Ne2 c5 24. Nhf4 Nc6 25. Nxh5 Be7 26. Rg7+ Qxg7 27. Nxg7 Kxg7 28. c3 cxd4 29. cxd4 Rf8 30. Ke3 Bd8 31. f4 Ne7 32. Rc1 Nf5+ 33. Kf3 Bb6 34. Kg4 Kg6 35. Rg1 Nxd4 36. Kh4+ Kh7 37. Nxd4 Rxf4+ 38. Rg4 Rxg4+ 39. Kxg4 Bxd4 0-1


[Site "https://www.chess.com"]

[Event "Titled Tuesday Blitz October 31 Early 2023"]
[White "Leiva, Gianmarco"]
[Black "Galchenko, Matvey"]
[WhiteFideId "3804399"]
[BlackFideId "24175480"]
[WhiteElo "2691"]
[BlackElo "2910"]
[Result "1/2-1/2"]
[Round "11"]
[TimeControl "180+1"]
[Date "2023.10.31"]
[WhiteClock "0:00:06"]
[BlackClock "0:00:31"]
[Board "22"]

1. e4 e6 2. d4 d5 3. Nc3 Bb4 4. e5 Ne7 5. a3 Bxc3+ 6. bxc3 c5 7. h4 Qc7 8. Bd2 b6 9. h5 h6 10. Qg4 cxd4 11. cxd4 Qxc2 12. Rc1 Qe4+ 13. Qxe4 dxe4 14. Rh4 Nbc6 15. Rxe4 Bb7 16. Rg4 Rd8 17. Nf3 a6 18. Bd3 Kf8 19. a4 Nd5 20. Bxa6 Bxa6 21. Rxc6 Bb7 22. Rc2 Kg8 23. Bc1 Kh7 24. Ba3 Ra8 25. Bd6 Rxa4 26. Nd2 Ba6 27. Ne4 Bd3 28. Rb2 Rc8 29. Kd2 Bxe4 30. Rxe4 Rcc4 31. Kd3 Rc1 32. Rg4 Rd1+ 33. Rd2 Rf1 34. Ke2 Rh1 35. Bf8 g5 36. hxg6+ fxg6 37. Rg3 g5 38. Rf3 Nf4+ 39. Rxf4 gxf4 40. d5 exd5 41. Rxd5 Ra5 42. Rd7+ Kg6 43. Bd6 Kf5 44. Rf7+ Ke6 45. Rxf4 b5 46. Rb4 Rg1 47. Kf3 Ra3+ 48. Kf4 Rxg2 49. Rxb5 Rxf2+ 50. Kg4 Ra4+ 51. Kg3 Rc2 52. Rb3 Rac4 53. Rb8 R2c3+ 54. Kg2 Rd3 55. Re8+ Kd5 56. Rf8 Rc2+ 57. Rf2 Rcc3 58. Kh2 Rg3 59. Re2 Ke6 60. Rf2 Rh3+ 61. Kg2 Rhg3+ 62. Kh2 h5 63. Rf6+ Kd5 64. Rf2 Rh3+ 65. Kg2 Rhd3 66. Re2 Re3 67. Rxe3 Rxe3 68. Kh2 Ke6 69. Kg2 Kf5 70. Kh2 Kg4 71. e6 Rxe6 72. Bb8 Rb6 73. Bc7 Rb2+ 74. Kh1 Rc2 75. Bb8 Kf3 76. Ba7 Rb2 77. Bc5 Rc2 78. Ba7 h4 79. Bb6 Rc6 80. Ba7 Ra6 81. Bd4 Re6 82. Ba7 Re1+ 83. Kh2 Rb1 84. Bc5 Rc1 85. Ba7 Ra1 86. Bc5 Rd1 87. Bb6 Kg4 88. Ba7 Rd2+ 89. Kh1 Ra2 90. Bb6 Ra1+ 91. Kh2 Rb1 92. Ba7 Rb2+ 93. Kh1 Kg3 94. Bg1 Ra2 95. Bd4 Re2 96. Bc5 Re4 97. Bd6+ Kf3 98. Bc5 Rc4 99. Bb6 Rc2 100. Ba7 Rb2 101. Bc5 Re2 102. Bb6 Kg4 103. Ba7 Rc2 104. Bd4 Rc1+ 105. Kh2 Rd1 106. Bb6 Rd2+ 107. Kh1 Rc2 108. Ba7 Kf3 109. Bd4 Ra2 110. Bb6 Kg3 111. Bc7+ Kh3 112. Bb6 Rc2 113. Ba7 Kg3 114. Bb8+ Kg4 115. Ba7 Rb2 116. Bc5 Rd2 117. Bb6 Rc2 118. Ba7 1/2-1/2


[Site "https://www.chess.com"]

[Event "Titled Tuesday Blitz October 31 Early 2023"]
[White "BashirovKemal"]
[Black "Baskakov, Egor"]
[BlackFideId "24197866"]
[WhiteElo "2681"]
[BlackElo "2907"]
[Result "0-1"]
[Round "11"]
[TimeControl "180+1"]
[Date "2023.10.31"]
[WhiteClock "0:00:29"]
[BlackClock "0:01:02"]
[Board "23"]

1. d4 Nf6 2. c4 e6 3. Nf3 d5 4. Nc3 Ne4 5. Qc2 f5 6. Bf4 c6 7. e3 Be7 8. Bd3 O-O 9. h3 Bd7 10. O-O Be8 11. Ne5 Nd7 12. f3 Nxc3 13. bxc3 Nxe5 14. Bxe5 Bd6 15. Bxd6 Qxd6 16. c5 Qe7 17. f4 b6 18. cxb6 axb6 19. Rfb1 b5 20. a4 bxa4 21. Rxa4 Rxa4 22. Qxa4 Qh4 23. Qc2 c5 24. dxc5 Qe7 25. Rb6 Bf7 26. Rd6 Qc7 27. Qa4 Qxc5 28. Qa6 Qxe3+ 29. Kh1 Qc1+ 30. Bf1 Qxf4 31. Rd7 h6 32. Bb5 Qc1+ 33. Bf1 Qxc3 34. Qe2 Rb8 35. Qa6 Rb1 36. Rd8+ Kh7 37. Rd7 Be8 38. Re7 Bb5 0-1


[Site "https://www.chess.com"]

[Event "Titled Tuesday Blitz October 31 Early 2023"]
[White "Klukin, Kirill"]
[Black "Sadykov, Ramil"]
[WhiteFideId "24199273"]
[BlackFideId "24113590"]
[WhiteElo "2840"]
[BlackElo "2680"]
[Result "1-0"]
[Round "11"]
[TimeControl "180+1"]
[Date "2023.10.31"]
[WhiteClock "0:01:17"]
[BlackClock "0:00:14"]
[Board "24"]

1. d4 d5 2. c4 e6 3. Nc3 Nf6 4. Nf3 Be7 5. Bg5 O-O 6. e3 h6 7. Bh4 Ne4 8. Bxe7 Qxe7 9. cxd5 Nxc3 10. bxc3 exd5 11. Be2 c5 12. O-O b6 13. a4 Nc6 14. dxc5 Qxc5 15. Nd4 Ne5 16. Qb3 Bb7 17. a5 Rfc8 18. Rfc1 Nc4 19. Bxc4 dxc4 20. Qb2 Qd5 21. f3 bxa5 22. e4 Qd7 23. Rxa5 a6 24. Qa3 Rc7 25. Rb1 Bc8 26. Rd5 Qe8 27. Qd6 Qe7 28. Qxe7 Rxe7 29. Ra1 Be6 30. Rda5 Rea7 31. Kf2 Kf8 32. Ke3 Ke7 33. Nc6+ 1-0


[Site "https://www.chess.com"]

[Event "Titled Tuesday Blitz October 31 Early 2023"]
[White "Komov, Roman"]
[Black "Goltsev, Dmitry"]
[WhiteFideId "24175714"]
[BlackFideId "24176710"]
[WhiteElo "2787"]
[BlackElo "2678"]
[Result "1-0"]
[Round "11"]
[TimeControl "180+1"]
[Date "2023.10.31"]
[WhiteClock "0:00:44"]
[BlackClock "0:00:02"]
[Board "25"]

1. e4 e6 2. d4 d5 3. Nc3 c5 4. exd5 exd5 5. Nf3 Nf6 6. Bb5+ Nc6 7. O-O Be7 8. dxc5 Bxc5 9. Re1+ Be6 10. Be3 Bxe3 11. Rxe3 O-O 12. Nd4 Qb6 13. Nxe6 fxe6 14. Rxe6 Ne4 15. Qxd5 Qxf2+ 16. Kh1 Nxc3 17. bxc3 Kh8 18. Ree1 Rad8 19. Bxc6 Rxd5 20. Bxd5 Qxc2 21. c4 b6 22. a4 Qc3 23. h3 h6 24. Kh2 Qd4 25. Rad1 Qf4+ 26. Kh1 Qb8 27. Re7 Re8 28. Rde1 Rxe7 29. Rxe7 a5 30. Be4 Qf8 31. Re6 h5 32. Bg6 Qf1+ 33. Kh2 Qf4+ 34. Kg1 Qd4+ 35. Kh1 Qa1+ 36. Kh2 Qxa4 37. Rxb6 Qxc4 38. Rb8+ Qg8 39. Rxg8+ Kxg8 40. Bxh5 a4 41. Bd1 a3 42. Bb3+ Kh7 43. Kg3 Kg6 44. Kf4 Kh5 45. g3 Kh6 46. g4 Kg6 47. h4 Kf6 48. g5+ Kg6 49. Kg4 Kh7 50. h5 g6 51. h6 Kh8 52. Ba2 Kh7 53. Kf4 Kh8 54. Ke5 Kh7 55. Kf6 Kh8 56. Ke5 Kh7 57. Kd4 1-0


[Site "https://www.chess.com"]

[Event "Titled Tuesday Blitz October 31 Early 2023"]
[White "Sokolovsky, Yahli"]
[Black "Pinheiro, Iung Alicio de O."]
[WhiteFideId "2820242"]
[BlackFideId "2104350"]
[WhiteElo "2787"]
[BlackElo "2633"]
[Result "1-0"]
[Round "11"]
[TimeControl "180+1"]
[Date "2023.10.31"]
[WhiteClock "0:00:07"]
[BlackClock "0:00:00"]
[Board "26"]

1. b3 e5 2. Bb2 Nc6 3. e3 d5 4. Nf3 e4 5. Nd4 Qg5 6. f4 exf3 7. Nxf3 Qd8 8. Nc3 Nf6 9. Bb5 Bd6 10. O-O O-O 11. Qe1 Ne5 12. Nxe5 Bxe5 13. d4 Bd6 14. h3 Bd7 15. Bd3 Qe7 16. Qh4 h6 17. Rxf6 Qxf6 18. Qxf6 gxf6 19. Nxd5 Kg7 20. Rf1 f5 21. Bxf5 Be6 22. Nc3 Bxf5 23. Rxf5 Kg6 24. Rf3 f5 25. Ne2 Rae8 26. Kf2 Re4 27. g3 h5 28. h4 Rfe8 29. c4 c6 30. Bc1 Bc7 31. Nc3 R4e7 32. Na4 b6 33. Nc3 Bd6 34. Ne2 Re4 35. Bd2 b5 36. cxb5 cxb5 37. Nc3 a6 38. Nd5 R4e6 39. Ke2 Rd8 40. Nc3 Bb4 41. Kd3 Bxc3 42. Bxc3 Rde8 43. Bd2 Re4 44. Rf1 Rc8 45. Rd1 Kf6 46. Be1 Ke6 47. Bd2 Kd5 48. Rf1 Ke6 49. Rf2 Rg8 50. Rf3 Reg4 51. Be1 Re4 52. d5+ Kxd5 53. Rxf5+ Re5 54. Rf6 Re6 55. Rf5+ Re5 56. Rf6 Ra8 57. Bc3 Re6 58. Rf5+ Kc6 59. Rxh5 Rd8+ 60. Bd4 Rg6 61. Rg5 Rxg5 62. hxg5 Rg8 63. Bf6 Kd5 64. e4+ Ke6 65. Kc3 a5 66. Kd4 Rc8 67. e5 b4 68. g6 Rc2 69. g7 Kf7 70. e6+ Kg8 71. e7 Re2 72. Kc5 Kf7 73. Kb5 Re6 74. g4 1-0


[Site "https://www.chess.com"]

[Event "Titled Tuesday Blitz October 31 Early 2023"]
[White "Danielyan, Vahe"]
[Black "JuniorJumper"]
[WhiteFideId "13304828"]
[WhiteElo "2757"]
[BlackElo "2626"]
[Result "1/2-1/2"]
[Round "11"]
[TimeControl "180+1"]
[Date "2023.10.31"]
[WhiteClock "0:02:34"]
[BlackClock "0:02:38"]
[Board "27"]

1. e4 e5 2. Nf3 Nc6 3. Bb5 Nge7 4. d4 exd4 5. O-O a6 6. Ba4 d5 7. exd5 Qxd5 8. Qxd4 Qxd4 9. Nxd4 Bd7 10. Nxc6 Bxc6 11. Bxc6+ Nxc6 12. Bf4 O-O-O 1/2-1/2


[Site "https://www.chess.com"]

[Event "Titled Tuesday Blitz October 31 Early 2023"]
[White "Demin, Vladimir"]
[Black "Kislinsky, Alexey"]
[WhiteFideId "4167457"]
[BlackFideId "14108801"]
[WhiteElo "2547"]
[BlackElo "2740"]
[Result "0-1"]
[Round "11"]
[TimeControl "180+1"]
[Date "2023.10.31"]
[WhiteClock "0:00:00"]
[BlackClock "0:00:20"]
[Board "28"]

1. d4 Nf6 2. Nc3 d5 3. Bf4 e6 4. Nb5 Na6 5. e3 c6 6. Nc3 Bb4 7. Bxa6 bxa6 8. Ne2 O-O 9. O-O a5 10. a3 Be7 11. Re1 Ba6 12. Na4 Nh5 13. Be5 f6 14. Ng3 Nxg3 15. Bxg3 Bb5 16. Nc3 Bd6 17. e4 Bxg3 18. hxg3 Qd7 19. Qf3 Rab8 20. a4 Ba6 21. b3 Rfe8 22. Rad1 Rbc8 23. Ne2 Bb7 24. Nf4 e5 25. dxe5 fxe5 26. Nd3 d4 27. Nc5 Qe7 28. Nxb7 Qxb7 29. Qh5 c5 30. f4 Qf7 31. Rf1 Qxh5 0-1


[Site "https://www.chess.com"]

[Event "Titled Tuesday Blitz October 31 Early 2023"]
[White "Molina, Roberto Junio Brito"]
[Black "Shapiro, Viktor"]
[WhiteFideId "2109450"]
[BlackFideId "4175700"]
[WhiteElo "2819"]
[BlackElo "2548"]
[Result "0-1"]
[Round "11"]
[TimeControl "180+1"]
[Date "2023.10.31"]
[WhiteClock "0:00:02"]
[BlackClock "0:00:54"]
[Board "29"]

1. d4 Nf6 2. c4 c5 3. d5 e6 4. Nc3 exd5 5. cxd5 d6 6. e4 g6 7. Nf3 Bg7 8. h3 O-O 9. Bd3 b5 10. O-O b4 11. Ne2 Re8 12. Ng3 Ba6 13. Re1 Bxd3 14. Qxd3 Nbd7 15. Bf4 Qb6 16. Nd2 Bf8 17. Nc4 Qa6 18. a4 Nb6 19. b3 Nxc4 20. Rac1 h5 21. Rxc4 h4 22. Nf1 Nd7 23. Nd2 Ne5 24. Bxe5 Rxe5 25. Nf3 Rh5 26. e5 dxe5 27. Nxe5 Rd8 28. Qf3 Rf5 29. Qe4 Re8 30. f4 f6 31. d6 Qxd6 32. Qc2 fxe5 33. fxe5 Rfxe5 34. Rxe5 Rxe5 35. Rxh4 Re1+ 36. Kf2 Re6 37. Qc4 Bg7 38. Re4 Kf7 39. Ke2 Bd4 40. Kd3 Bc3+ 41. Kc2 Qd2+ 0-1


[Site "https://www.chess.com"]

[Event "Titled Tuesday Blitz October 31 Early 2023"]
[White "Xtrmntr78"]
[Black "Sattarov, Bobir"]
[BlackFideId "14203081"]
[WhiteElo "2662"]
[BlackElo "2802"]
[Result "1-0"]
[Round "11"]
[TimeControl "180+1"]
[Date "2023.10.31"]
[WhiteClock "0:00:29"]
[BlackClock "0:00:00"]
[Board "30"]

1. c4 Nf6 2. Nc3 g6 3. e4 d6 4. d4 c5 5. dxc5 Qa5 6. Bd3 dxc5 7. f4 Nc6 8. e5 Nh5 9. Ne2 Bf5 10. Bxf5 gxf5 11. Qd3 e6 12. O-O Rd8 13. Qf3 Ng7 14. Be3 Be7 15. Nd5 O-O 16. Nxe7+ Nxe7 17. Qxb7 Rd3 18. Bf2 Ng6 19. g3 Rfd8 20. Qb5 Qd2 21. Nc1 Rf3 22. Nb3 Qc2 23. Qxc5 Nh5 24. Nd4 Rxd4 25. Qxd4 Rd3 26. Qxa7 Nhxf4 27. gxf4 Nxf4 28. Kh1 Nh3 29. Rg1+ Kf8 30. Bc5+ 1-0


[Site "https://www.chess.com"]

[Event "Titled Tuesday Blitz October 31 Early 2023"]
[White "Hayrapetyan, Hovik"]
[Black "Bao, Qilin"]
[WhiteFideId "13302639"]
[BlackFideId "8605750"]
[WhiteElo "2772"]
[BlackElo "2660"]
[Result "1-0"]
[Round "11"]
[TimeControl "180+1"]
[Date "2023.10.31"]
[WhiteClock "0:00:04"]
[BlackClock "0:00:03"]
[Board "31"]

1. d4 Nf6 2. c4 e6 3. Nc3 d5 4. Nf3 c5 5. cxd5 Nxd5 6. e4 Nxc3 7. bxc3 cxd4 8. cxd4 Bb4+ 9. Bd2 Bxd2+ 10. Qxd2 O-O 11. Bc4 Nd7 12. O-O b6 13. Rfe1 Bb7 14. Rad1 Rc8 15. Bb3 Qc7 16. Re3 Nf6 17. Rde1 h6 18. Ne5 Rfd8 19. f4 Qd6 20. d5 exd5 21. Nxf7 Kxf7 22. e5 Qc5 23. exf6 gxf6 24. Qf2 Re8 25. Bd1 d4 26. Bb3+ Bd5 27. Re5 Rxe5 28. fxe5 Rc6 29. Qf5 d3+ 30. Kh1 Bxb3 31. axb3 d2 32. Qd7+ Kg6 33. Qe8+ Kh7 34. Qf7+ Kh8 35. Qe8+ Kh7 36. Qd7+ Kg6 37. Qd3+ Kg7 38. exf6+ Rxf6 39. Qxd2 Qd6 40. Qe2 a5 41. Qg4+ Kh7 42. Qe4+ Kg7 43. h3 Qf4 44. Qb7+ Kg6 45. Re4 Qf1+ 46. Kh2 h5 47. Qc8 Qf5 48. Qg8+ Kh6 49. Qh8+ Kg6 50. Qe8+ Kh6 51. Qh8+ Kg6 52. Qa8 Rf7 53. Re3 Qf4+ 54. Rg3+ Kh6 55. Qh8+ Rh7 56. Qg8 Qf6 57. Qd5 Rg7 58. Qd2+ Kh7 59. Qd3+ Kh6 60. Qe3+ Kh7 61. Qe4+ Kh6 62. Rf3 Qd6+ 63. Kg1 Qd1+ 64. Rf1 Qd6 65. Qe3+ Kh7 66. Rf5 Qd1+ 67. Kh2 Qd6+ 68. Kh1 Qg6 69. Qf3 h4 70. Rh5+ Kg8 71. Qa8+ Kf7 72. Rxh4 Qg3 73. Qb7+ Kg8 74. Qc8+ Kf7 75. Qf5+ Kg8 76. Qd5+ Kf8 77. Rc4 Qb8 78. Qf5+ Ke8 79. Re4+ Kd8 80. Qf8+ Kc7 81. Qxg7+ Kc6 82. Qf6+ 1-0


[Site "https://www.chess.com"]

[Event "Titled Tuesday Blitz October 31 Early 2023"]
[White "mind1mover"]
[Black "Ahmad, Khagan"]
[BlackFideId "13431552"]
[WhiteElo "2759"]
[BlackElo "2616"]
[Result "1-0"]
[Round "11"]
[TimeControl "180+1"]
[Date "2023.10.31"]
[WhiteClock "0:01:13"]
[BlackClock "0:00:45"]
[Board "32"]

1. Nf3 Nf6 2. b3 c5 3. Bb2 Nc6 4. e3 g6 5. Bb5 Bg7 6. Bxc6 dxc6 7. O-O O-O 8. d3 b6 9. Nbd2 a5 10. a4 Qc7 11. Be5 Qb7 12. h3 Rd8 13. Qc1 Be6 14. Qb2 h6 15. Ne4 Ne8 16. Ned2 Nf6 17. e4 Nh5 18. Rfe1 Bxe5 19. Qxe5 Qb8 20. Nf1 Qxe5 21. Nxe5 Rac8 22. Kh2 Nf6 23. Ne3 Nd7 24. Nxd7 Rxd7 25. f4 f6 26. f5 Bf7 27. e5 fxe5 28. Ng4 Kg7 29. Nxe5 Rd6 30. fxg6 Bxg6 31. Nc4 Rf6 32. Rxe7+ Kf8 33. Rae1 Rf2 34. Nxb6 Rd8 35. R7e2 1-0


[Site "https://www.chess.com"]

[Event "Titled Tuesday Blitz October 31 Early 2023"]
[White "Srihari L R"]
[Black "Herzog2012"]
[WhiteFideId "46617116"]
[WhiteElo "2744"]
[BlackElo "2585"]
[Result "0-1"]
[Round "11"]
[TimeControl "180+1"]
[Date "2023.10.31"]
[WhiteClock "0:00:00"]
[BlackClock "0:01:30"]
[Board "33"]

1. Nf3 Nf6 2. g3 b5 3. Bg2 Bb7 4. O-O e6 5. d3 c5 6. e4 d6 7. a4 a6 8. Re1 Be7 9. Nc3 b4 10. Nb1 O-O 11. Nbd2 Nbd7 12. Nc4 Nb6 13. Na5 Bc8 14. Nc6 Qc7 15. Nxe7+ Qxe7 16. a5 Nbd7 17. e5 dxe5 18. Nxe5 Nxe5 19. Bxa8 Ng6 20. Bg2 Bb7 21. Bg5 Bxg2 22. Kxg2 Qb7+ 23. Qf3 Nd5 24. h4 f6 25. Bd2 Ne5 26. Qe4 f5 27. f4 fxe4 28. dxe4 Nc4 29. Bc1 Nf6 30. b3 Nxe4 31. bxc4 Ng5+ 0-1


[Site "https://www.chess.com"]

[Event "Titled Tuesday Blitz October 31 Early 2023"]
[White "Kuzhylnyi, Oleksandr"]
[Black "Costachi, Mihnea"]
[WhiteFideId "34110500"]
[BlackFideId "1217518"]
[WhiteElo "2640"]
[BlackElo "2734"]
[Result "0-1"]
[Round "11"]
[TimeControl "180+1"]
[Date "2023.10.31"]
[WhiteClock "0:00:15"]
[BlackClock "0:00:57"]
[Board "34"]

1. b3 d5 2. Bb2 Nc6 3. e3 e5 4. Bb5 Bd6 5. Nf3 f6 6. d4 exd4 7. Nxd4 Ne7 8. Nxc6 bxc6 9. Bd3 O-O 10. O-O Bf5 11. Nd2 Be5 12. Bd4 Bxd4 13. exd4 Bxd3 14. cxd3 Nf5 15. Qg4 g6 16. Rac1 Qd6 17. Rc5 a5 18. Rfc1 Ne7 19. a4 Ra6 20. Re1 Nf5 21. h4 Nh6 22. Qe6+ Kg7 23. Qe2 Nf5 24. Nf3 Rf7 25. Qc2 Re7 26. Rxe7+ Nxe7 27. Qc3 Qf4 28. Rxa5 Rxa5 29. Qxa5 Qc1+ 30. Qe1 Qa3 31. Qc3 Kf7 32. a5 Ke6 33. Kh2 Kd7 34. g3 Nf5 35. Kg2 Nd6 36. Nd2 Nb5 37. Nb1 Qa2 38. Qe1 Nxd4 39. b4 Nc2 40. Nc3 Nxe1+ 0-1


[Site "https://www.chess.com"]

[Event "Titled Tuesday Blitz October 31 Early 2023"]
[White "Weetik, Vjacheslav"]
[Black "NovoselovRoman"]
[WhiteFideId "4153472"]
[WhiteElo "2730"]
[BlackElo "2560"]
[Result "1-0"]
[Round "11"]
[TimeControl "180+1"]
[Date "2023.10.31"]
[WhiteClock "0:00:38"]
[BlackClock "0:00:06"]
[Board "35"]

1. d4 e6 2. c4 Nf6 3. g3 d5 4. Nf3 c5 5. cxd5 exd5 6. Bg2 Nc6 7. Nc3 cxd4 8. Nxd4 Bb4 9. O-O Bxc3 10. bxc3 O-O 11. c4 Nxd4 12. Qxd4 dxc4 13. Qxc4 Be6 14. Qb5 Qb6 15. a4 Bd5 16. Be3 Qxb5 17. axb5 Bxg2 18. Kxg2 a6 19. bxa6 Rxa6 20. Rab1 Nd5 21. Bd4 Re6 22. e3 b6 23. Rb5 Rd8 24. Ra1 h5 25. h4 Rc6 26. Ra7 Rc2 27. Kf3 Nc3 28. Bxc3 Rxc3 29. Rxh5 Rd2 30. Rf5 f6 31. g4 Rcc2 32. Kg3 Rb2 33. h5 b5 34. Rb7 b4 35. g5 fxg5 36. Rxg5 Rxf2 37. Rgxg7+ Kf8 38. h6 b3 39. Rb8# 1-0


[Site "https://www.chess.com"]

[Event "Titled Tuesday Blitz October 31 Early 2023"]
[White "El_Matador12"]
[Black "Maximov, Dmitry"]
[BlackFideId "14105659"]
[WhiteElo "2558"]
[BlackElo "2724"]
[Result "1/2-1/2"]
[Round "11"]
[TimeControl "180+1"]
[Date "2023.10.31"]
[WhiteClock "0:00:13"]
[BlackClock "0:00:06"]
[Board "36"]

1. d4 Nf6 2. Bg5 c5 3. dxc5 e6 4. Nd2 Bxc5 5. e3 d5 6. Ngf3 Nc6 7. c4 O-O 8. a3 a5 9. Be2 h6 10. Bh4 Be7 11. O-O d4 12. exd4 Nxd4 13. Nxd4 Qxd4 14. Nf3 Qxb2 15. Re1 Rd8 16. Qc1 Qxc1 17. Rexc1 Bd7 18. Ne5 Be8 19. Bf3 Rab8 20. Bg3 b6 21. Nc6 Bxc6 22. Bxc6 Rbc8 23. Bb7 Rc5 24. Rab1 Nd7 25. a4 h5 26. h3 h4 27. Bh2 f5 28. Kf1 Kf7 29. Ba6 g5 30. f3 Nf6 31. Rxb6 Rd2 32. Re1 g4 33. Rbxe6 Bd8 34. Bf4 Ra2 35. Bd6 Bb6 36. Bxc5 Bxc5 37. R6e2 Rxa4 38. Bb5 Ra3 39. fxg4 fxg4 40. Rd1 Nh5 41. Re5 Ng3+ 42. Ke1 Bb4+ 43. Kf2 Ra2+ 44. Ke3 Rxg2 45. hxg4 h3 46. Bc6 Re2+ 47. Kf4 Rxe5 48. Kxe5 h2 49. Bh1 a4 50. Kd5 a3 51. c5 a2 52. c6 Ba5 53. Kd6 Bb4+ 54. Kd7 Ba5 55. c7 Bxc7 56. Kxc7 Kf6 57. Bf3 Kg5 58. Bh1 Kxg4 59. Kc6 Nxh1 60. Rxh1 Kg3 61. Ra1 Kh3 62. Kc5 Kg2 63. Rxa2+ Kg1 64. Ra1+ Kg2 65. Kd4 h1=Q 66. Rxh1 Kxh1 1/2-1/2


[Site "https://www.chess.com"]

[Event "Titled Tuesday Blitz October 31 Early 2023"]
[White "Halkias, Stelios"]
[Black "Bazilius, Augustinas"]
[WhiteFideId "4201809"]
[BlackFideId "12832251"]
[WhiteElo "2711"]
[BlackElo "2535"]
[Result "1/2-1/2"]
[Round "11"]
[TimeControl "180+1"]
[Date "2023.10.31"]
[WhiteClock "0:00:07"]
[BlackClock "0:00:13"]
[Board "37"]

1. Nf3 c5 2. c4 Nf6 3. Nc3 d5 4. cxd5 Nxd5 5. e3 e6 6. Nxd5 Qxd5 7. b3 Be7 8. Bb2 O-O 9. Qc2 Nc6 10. a3 b6 11. Bd3 h6 12. Bh7+ Kh8 13. Be4 Qd7 14. h4 Bb7 15. Rh3 f5 16. Bxc6 Qxc6 17. Ne5 Qxg2 18. Rg3 Qh1+ 19. Ke2 Ba6+ 20. d3 Qe4 21. Ng6+ Kh7 22. Nxe7 Rf7 23. Ng6 f4 24. Nxf4 e5 25. Ke1 Qf5 26. Bxe5 Qxe5 27. d4+ Qf5 28. Qxf5+ Rxf5 29. dxc5 Rxc5 30. Rd1 Rc7 31. h5 Re8 32. Nd5 Rc2 33. Rd2 Rc1+ 34. Rd1 Rc2 35. Rd2 Rc1+ 36. Rd1 Rc2 1/2-1/2


[Site "https://www.chess.com"]